 Dungeon Crawl Stone Soup version 0.29-a0-283-ga02f740833 (webtiles) character file.

Game seed: 8103782037777769461

203 PaleWalker the Sneak (level 5, -3/55 (64) HPs)
             Began as a Gnoll Brigand on Mar 13, 2022.
             Was a Priest of Zin.
             Slain by a wight
             ... wielding a +0 falchion
              (6 damage)
             ... on level 4 of the Dungeon.
             The game lasted 00:07:58 (3862 turns).

PaleWalker the Sneak (Gnoll Brigand)                Turns: 3862, Time: 00:07:59

HP:   -3/55 (64)    AC: 22    Str: 10    XL:     5   Next: 81%
MP:   7/7           EV:  2    Int: 11    God:    Zin [***...]
Gold: 174           SH:  8    Dex: 15    Spells: 7/7 levels left

rFire   + . .      SeeInvis .   a - +2 dagger
rCold   + . .      Faith    .   r - +0 kite shield
rNeg    . . .      Spirit   .   (body armour currently unavailable)
rPois   +          Reflect  .   (helmet currently unavailable)
rElec   +          Harm     .   (cloak currently unavailable)
rCorr   +          Rampage  .   (gloves currently unavailable)
Will    .....      NoTele   +   (boots currently unavailable)
Stlth   +++.......              (no amulet)
HPRegen 0.18/turn               (no ring)
MPRegen 0.10/turn               (no ring)

@: brilliant, tree-form, silenced, resistant, hasted, heavily drained, very
quick
A: stationary, stasis, torment immunity, boosted hp, (fangs 1), strong nose,
distributed training
a: Renounce Religion


You were on level 4 of the Dungeon.
You worshipped Zin.
Zin was most pleased with you.
You were a tree.
You visited 1 branch of the dungeon, and saw 4 of its levels.

You collected 193 gold pieces.
You donated 19 gold pieces to Zin.

Inventory:

Hand Weapons
 a - a +2 dagger (weapon)
Missiles
 d - 17 poisoned darts
 e - a curare-tipped dart
 f - 22 stones (quivered)
 v - 2 boomerangs
Armour
 b - a +0 robe
 c - a +0 cloak (melded)
 n - a +1 hat (melded)
 r - a +0 kite shield (worn)
 t - a +0 leather armour
 w - a +0 ring mail (melded)
Jewellery
 m - a ring of ice
Wands
 u - a wand of charming (7)
Scrolls
 h - a scroll of fear
 j - a scroll of fog {unknown}
 k - a scroll of teleportation {unknown}
 l - a scroll of vulnerability {unknown}
 q - a scroll of identify
Potions
 g - a potion of haste
 x - a potion of lignification


   Skills:
 + Level 4.8 Fighting
 + Level 4.8 Short Blades
 + Level 1.6 Long Blades
 + Level 1.6 Axes
 + Level 1.6 Maces & Flails
 + Level 1.6 Polearms
 + Level 1.6 Staves
 + Level 1.6 Slings
 + Level 1.6 Bows
 + Level 1.6 Crossbows
 + Level 4.8 Throwing
 + Level 1.6 Armour
 + Level 3.0 Dodging
 + Level 7.9 Stealth
 + Level 1.6 Shields
 + Level 1.6 Unarmed Combat
 + Level 1.6 Spellcasting
 + Level 1.3 Conjurations
 + Level 1.3 Hexes
 + Level 1.3 Summonings
 + Level 1.3 Necromancy
 + Level 1.3 Translocations
 + Level 1.3 Transmutations
 + Level 1.3 Fire Magic
 + Level 1.3 Ice Magic
 + Level 1.3 Air Magic
 + Level 1.3 Earth Magic
 + Level 1.3 Poison Magic
 + Level 1.8 Invocations
 + Level 1.6 Evocations


You had 7 spell levels left.
You didn't know any spells.
Your spell library contained the following spells:

 Spells                   Type           Power      Damage    Failure   Level
 Animate Skeleton         Necr           10%        N/A       52%         1
 Pain                     Necr           20%        1d5       52%         1
 Ensorcelled Hibernation  Hex/Ice        10%        N/A       65%         2
 Passwall                 Tmut/Erth      4%         N/A       65%         2
 Spider Form              Tmut/Pois      5%         N/A       87%         3
 Swiftness                Air            5%         N/A       87%         3
 Vampiric Draining        Necr           5%         2d6       87%         3
 Anguish                  Hex/Necr       2%         N/A       99%         4


Dungeon Overview and Level Annotations

Branches:
Dungeon (4/15)
 Temple: D:4-7

Altars:
Elyvilon
Uskayaw
Zin


Innate Abilities, Weirdness & Mutations

You are a tree.
Your roots penetrate the ground, keeping you stationary.
You cannot be teleported.
You are immune to unholy pain and torment.
Your maximum health is greatly increased.
Your equipment is partially melded.
((You have very sharp teeth.))
Your uncanny sense of smell can sniff out nearby items.
Your experience applies equally to all skills.


Message History

The wight hits you with a +1 vorpal dire flail.
You feel drained.
You can't see any enemies this would affect, really read the scroll of fear?
Okay, then.
As you read the scroll labelled WEXYS OWNUARO, it crumbles to dust.
A profound silence engulfs you.
It was a scroll of silence.
You block the wight's attack. x2; The wight closely misses you.
Magic scrolls do not work when you're silenced!
It was a potion of haste.
You feel yourself speed up. The wight closely misses you.
The wight barely misses you.
The wight hits you with a +1 vorpal dire flail.
* * * LOW HITPOINT WARNING * * *
x2 You barely miss the wight.
The wight is heavily damaged.
The wight hits you from afar with a +3 halberd of freezing!
* * * LOW HITPOINT WARNING * * *
The wight freezes you.
* * * LOW HITPOINT WARNING * * *
The wight hits you but does no damage. You block the wight's attack.
It was a potion of lignification.
You turn into a tree.
Your +0 cloak melds into your body.
Your +1 hat melds into your body.
Your +0 ring mail melds into your body.
Your roots penetrate the ground.
Zin forgives your inadvertent chaotic act, just this once.
It was a potion of brilliance.
You feel clever all of a sudden. The wight hits you but does no damage.
You block the wight's attack. The wight hits you but does no damage.
It was a potion of curing.
You feel better. The wight hits you but does no damage.
The wight hits you with a +1 vorpal dire flail.
* * * LOW HITPOINT WARNING * * *
You feel drained.
* * * LOW HITPOINT WARNING * * *
The wight barely misses you.
It was a potion of resistance.
You feel protected.
You hit the wight but do no damage.
The wight is heavily damaged.
The wight hits you with a +0 falchion.
You die...

.....##..#...##.##.####.###
..#####..#.#.##.##........#
.## ##......#.# #.......#
..## #..##..#.###.......#
...# #..##..............#
##.#####..##.....##....<..##
#...#............##..(.....#
#.P.#............##........#
#...#>........#.♣zz........#
##.##........##.#zz.....####
#.##........#..####(...#
##.##.#####....## #...(#
#...###...#..### #....[.
.._.....P....# #...!....
#...###...#.## #........
##.## #####.# #........ #.#
..# #........


You could see 4 wights.

Vanquished Creatures
  An orc priest (D:3)
  Ijyb (D:3)
  4 adders
  2 worms (D:2)
  5 dart slugs
  6 orcs (D:3)
  9 endoplasms
  4 giant cockroaches
  7 goblins
  8 hobgoblins
  2 jackals (D:1)
  5 kobolds
  4 quokkas
  9 ball pythons
  7 bats
  5 frilled lizards
  7 rats
86 creatures vanquished.

Vanquished Creatures (others)
  A plant (D:2)
1 creature vanquished.

Grand Total: 87 creatures vanquished

Notes
Turn   | Place    | Note
-------+----------+-------------------------------------------
     0 | D:1      | PaleWalker the Gnoll Brigand began the quest for the Orb.
     0 | D:1      | Reached XP level 1. HP: 20/20 MP: 1/1
    94 | D:1      | Reached XP level 2. HP: 17/26 MP: 2/2
   651 | D:1      | Reached XP level 3. HP: 22/31 MP: 3/3
  1184 | D:1      | Reached skill level 1 in Invocations
  1785 | D:2      | Reached skill level 1 in Long Blades
  1785 | D:2      | Reached skill level 1 in Axes
  1785 | D:2      | Reached skill level 1 in Maces & Flails
  1785 | D:2      | Reached skill level 1 in Polearms
  1785 | D:2      | Reached skill level 1 in Staves
  1785 | D:2      | Reached skill level 1 in Slings
  1785 | D:2      | Reached skill level 1 in Bows
  1785 | D:2      | Reached skill level 1 in Crossbows
  1785 | D:2      | Reached skill level 1 in Armour
  1785 | D:2      | Reached skill level 1 in Shields
  1785 | D:2      | Reached skill level 1 in Unarmed Combat
  1785 | D:2      | Reached skill level 1 in Spellcasting
  1785 | D:2      | Reached skill level 1 in Evocations
  1792 | D:2      | Reached XP level 4. HP: 34/38 MP: 5/5
  1989 | D:2      | Found a faded altar of an unknown god.
  2006 | D:2      | Prayed at the altar of an unknown god.
  2006 | D:2      | Became a worshipper of Zin the Law-Giver
  2006 | D:2      | Reached * piety under Zin
  2360 | D:2      | Reached skill level 1 in Conjurations
  2360 | D:2      | Reached skill level 1 in Hexes
  2360 | D:2      | Reached skill level 1 in Summonings
  2360 | D:2      | Reached skill level 1 in Necromancy
  2360 | D:2      | Reached skill level 1 in Translocations
  2360 | D:2      | Reached skill level 1 in Transmutations
  2360 | D:2      | Reached skill level 1 in Fire Magic
  2360 | D:2      | Reached skill level 1 in Ice Magic
  2360 | D:2      | Reached skill level 1 in Air Magic
  2360 | D:2      | Reached skill level 1 in Earth Magic
  2360 | D:2      | Reached skill level 1 in Poison Magic
  2423 | D:2      | Reached ** piety under Zin
  2898 | D:3      | Found a hide-covered altar of Uskayaw.
  3080 | D:3      | Noticed Ijyb
  3101 | D:3      | Killed Ijyb
  3102 | D:3      | Reached XP level 5. HP: 43/43 MP: 5/7
  3784 | D:4      | Reached *** piety under Zin
  3791 | D:4      | Found a white marble altar of Elyvilon.
  3857 | D:4      | HP: 1/39 [wight/+3 halberd of freezing (2)]
  3862 | D:4      | Slain by a wight

Illustrated notes

Levels and vault maps discovered:
D:1:      wheals_arrival_linesprint, layout_basic
D:2:      layout_rooms, shapermc_ecumenical_altar_ellora, serial_bayou_lake_a
D:3:      layout_basic, eat_drink_and_be_merry_uskayaw, uniq_ijyb
D:4:      layout_rooms, elyvilon_altar_1, temple_doors_ab, minmay_snake_closets

Skill      XL: |  1  2  3  4  5 |
---------------+----------------+-----
Invocations    | 1 |  1.8
Long Blades    | 1 |  1.6
Axes           | 1 |  1.6
Maces & Flails | 1 |  1.6
Polearms       | 1 |  1.6
Staves         | 1 |  1.6
Slings         | 1 |  1.6
Bows           | 1 |  1.6
Crossbows      | 1 |  1.6
Armour         | 1 |  1.6
Shields        | 1 |  1.6
Unarmed Combat | 1 |  1.6
Spellcasting   | 1 |  1.6
Evocations     | 1 |  1.6
Conjurations   | 1 |  1.3
Hexes          | 1 |  1.3
Summonings     | 1 |  1.3
Necromancy     | 1 |  1.3
Translocations | 1 |  1.3
Transmutations | 1 |  1.3
Fire Magic     | 1 |  1.3
Ice Magic      | 1 |  1.3
Air Magic      | 1 |  1.3
Earth Magic    | 1 |  1.3
Poison Magic   | 1 |  1.3
Dodging        | 3 |  3.0
Fighting       | |  4.8
Short Blades   | |  4.8
Throwing       | |  4.8
Stealth        | |  7.9

Action                   |  1- 3 |  4- 6 || total
-------------------------+-------+-------++-------
Melee: Dagger            |   134 |   132 ||   266
       Bite              |    11 |    16 ||    27
       Punch             |     1 |     1 ||     2
Throw: Stone             |    11 |   108 ||   119
       Dart              |       |     2 ||     2
  Use: Potion            |       |     5 ||     5
       Scroll            |       |     2 ||     2
 Stab: Sleeping          |     6 |     2 ||     8
       Distracted        |     1 |       ||     1
Armor: Robe              |    29 |     5 ||    34
       Leather armour    |       |    13 ||    13
       Ring mail         |       |     5 ||     5
       Skin              |       |     3 ||     3
Dodge: Dodged            |    73 |    47 ||   120
Block: Kite shield       |       |    28 ||    28

Table legend: (Time is in decaauts)
 A = Elapsed time spent in this place.
 B = Non-inter-level travel time spent in this place.
 C = Inter-level travel time spent in this place.
 D = Time resting spent in this place.
 E = Time spent auto-exploring this place.
 F = Levels seen in this place.
 G = Mean time per level.
                   A        B        C        D        E       F      G
               +--------+--------+--------+--------+--------+-----+--------+
         Total |   3834 |   3674 |    160 |      0 |   2972 |   4 |  958.5 |
       Dungeon |   3834 |   3674 |    160 |      0 |   2972 |   4 |  958.5 |
               +--------+--------+--------+--------+--------+-----+--------+

Top non-repeatable levels by time:
     D:1: 1537 daAuts
     D:2: 1085 daAuts
     D:3: 1042 daAuts
     D:4: 168 daAuts
